 Dungeon Crawl Stone Soup version 0.30.0-5-g1a98f26d00 (webtiles) character file.

Game seed: 16246954829325097252

78 Jase the Chopper (level 4, -2/36 (39) HPs)
             Began as a Hill Orc Fighter on May 9, 2023.
             Slain by a wight
             ... wielding a +0 hand axe
              (4 damage)
             ... on level 4 of the Dungeon.
             The game lasted 00:04:42 (2478 turns).

Jase the Chopper (Hill Orc Fighter)                 Turns: 2478, Time: 00:04:42

HP:   -2/36 (39)    AC:  8    Str: 20    XL:     4   Next: 36%
MP:   4/4           EV: 14    Int:  8    God:
Gold: 62            SH:  0    Dex: 10    Spells: 3/3 levels left

rFire   + . .        a - +0 war axe
rCold   . . .        p - orb {light}
rNeg    . . .        b - +0 scale mail
rPois   .            t - +0 helmet
rElec   .            (no cloak)
rCorr   .            (no gloves)
SInv    .            (no boots)
Will    .....        l - amulet of the acrobat Stlth
                     g - +5 ring of evasion
HPRegen 0.26/turn    m - ring of protection from fire
MPRegen 0.09/turn

%: acrobat
@: glowing, drained
A: no striking features
a: no special abilities


You were on level 4 of the Dungeon.
You visited 1 branch of the dungeon, and saw 4 of its levels.

You collected 146 gold pieces.
You spent 84 gold pieces at shops.

Inventory:

Hand Weapons
 a - a +0 war axe (weapon)
Missiles
 o - 5 poisoned darts (quivered)
Armour
 b - a +0 scale mail (worn)
 p - an orb of light (worn)
 t - a +0 helmet (worn)
Jewellery
 g - a +5 ring of evasion (left hand)
 l - an amulet of the acrobat (around neck)
 m - a ring of protection from fire (right hand)
Scrolls
 e - 3 scrolls of noise {unknown}
 f - 2 scrolls of teleportation {unknown}
 h - a scroll of magic mapping {unknown}
 j - 3 scrolls of amnesia {unknown}
 r - 2 scrolls of enchant armour {unknown}
 s - a scroll of enchant weapon {unknown}
Potions
 d - a potion of might
 i - 4 potions of curing
 k - 2 potions of flight
 n - a potion of mutation
 q - a potion of lignification


   Skills:
 - Level 3.6 Fighting
 + Level 6.0 Axes
 - Level 3.2 Armour
 - Level 3.2 Shields


You had 3 spell levels left.
You didn't know any spells.
Your spell library was empty.

Dungeon Overview and Level Annotations

Branches:
Dungeon (4/15)
 Temple: D:4-7

Altars:

Shops:
D:1 *   D:2 ?

Annotations:
D:2 1 runed translucent door, Crazy Yiuf


Message History

p - an orb of light You start removing your armour.
You continue taking off your +0 buckler. x4
You finish taking off your +0 buckler.
You start putting on your armour.
You continue putting on your orb of light. x5
You finish putting on your orb of light.
You drop a +0 buckler.
e - 3 scrolls labelled DUODYUCISI (gained 2) 2 wights come into view.
A wight comes into view. It is wielding a +0 hand axe.
A wight comes into view. It is wielding a +2 mace.
The wight hits you with a +2 short sword.
You feel drained. The wight hits you but does no damage.
You slash the wight!
The wight is severely damaged.
You hit the wight. The wight closely misses you.
The wight completely misses you.
You hit the wight but do no damage.
The wight is severely damaged.
You slash the wight! You hit the wight but do no damage.
The wight closely misses you. The wight hits you with a +0 hand axe.
The wight hits you with a +5 flail!
You barely miss the wight.
The wight is severely damaged.
You slash the wight! You hit the wight. The wight barely misses you.
You barely miss the wight.
The wight is severely damaged.
You hit the wight but do no damage. You hit the wight.
The wight hits you with a +5 flail.
You feel drained. The wight misses you.
You hit the wight.
The wight is almost destroyed.
You hit the wight. You hit the wight but do no damage. You hit the wight.
You destroy the wight!
The wight hits you with a +5 flail!
* * * LOW HITPOINT WARNING * * *
The wight hits you with a +0 hand axe!
* * * LOW HITPOINT WARNING * * *
You feel drained.
You die...

#..## .. #####....
... #.......# ...
#.......#####.###
#................
#...............# .#
###.........z.!...#
.............@z......
.##.........z)......
........#######+#..
#..####.####### #..#
#.........
#..###..#######
#.[...........
#..###.###..######
#......<##..#


You could see 3 wights.

Vanquished Creatures
  A wight (D:4)
  2 adders (D:3)
  A worm (D:2)
  2 dart slugs
  7 bats
  5 endoplasms
  4 giant cockroaches
  4 goblins
  A hobgoblin (D:3)
  2 quokkas (D:2)
  6 ball pythons
  4 frilled lizards
  5 kobolds
  13 rats
57 creatures vanquished.

Notes
Turn   | Place    | Note
-------+----------+-------------------------------------------
     0 | D:1      | Jase the Hill Orc Fighter began the quest for the Orb.
     0 | D:1      | Reached XP level 1. HP: 19/19 MP: 1/1
    36 | D:1      | Reached skill level 3 in Axes
   167 | D:1      | Reached XP level 2. HP: 26/26 MP: 2/2
   427 | D:1      | Reached skill level 4 in Axes
   432 | D:1      | Found Byacoufu's Assorted Antiques.
   855 | D:2      | You fall into a shaft and drop 1 floor!
   872 | D:2      | Reached XP level 3. HP: 25/31 MP: 3/3
  1099 | D:2      | Reached skill level 5 in Axes
  1243 | D:2      | Found Omawnianoe's Magic Scroll Shoppe.
  1334 | D:2      | Bought a scroll of identify for 28 gold pieces
  1336 | D:2      | Bought 2 scrolls of identify for 56 gold pieces
  1710 | D:2      | Found a runed translucent door.
  1711 | D:2      | Noticed Crazy Yiuf
  2031 | D:3      | Reached XP level 4. HP: 28/39 MP: 4/4
  2345 | D:3      | Reached skill level 6 in Axes
  2478 | D:4      | Slain by a wight

Illustrated notes

Levels and vault maps discovered:
D:1:      dpeg_arrival_subterranean_lakeside_camping, layout_basic,
          serial_shops, shop, roderic_st_hans_cross,
          minmay_misc_feat_more_columns
D:2:      layout_basic, serial_shops, nicolae_shop_rolled_up,
          uniq_crazy_yiuf_cottage
D:3:      layout_rooms, serial_aquarium, aquarium_bridge_long_joined
          [aquarium_subvault_wall, aquarium_subvault_bridge,
          aquarium_subvault_bridge, aquarium_subvault_wall,
          aquarium_subvault_balcony, aquarium_subvault_bridge],
          aquarium_window_fake, aquarium_window_1, aquarium_window_fake,
          aquarium_view_2b, aquarium_pool_2, st_stairs_8,
          chequers_serial_rivers_micro_e
D:4:      layout_basic, overflow_temple_1_default, gammafunk_ghost_arena

Skill      XL: |  1  2  3  4 |
---------------+-------------+-----
Axes           | 3 4 5 6 |  6.0
Fighting       | |  3.6
Armour         | |  3.2
Shields        | |  3.2

Action                     |  1- 3 |  4- 6 || total
---------------------------+-------+-------++-------
  Melee: War axe           |   133 |    16 ||   149
    Use: Scroll            |     4 |     1 ||     5
 Armour: Scale mail        |    28 |     1 ||    29
  Dodge: Dodged            |   108 |    19 ||   127
  Block: Buckler           |    28 |       ||    28
